 Dungeon Crawl Stone Soup version 0.28.0 (webtiles) character file.

Game seed: 6719503625297247247

105 RighteousDevil the Slasher (level 4, -3/35 HPs)
             Began as a Demonspawn Cinder Acolyte on Feb 5, 2022.
             Was a High Priest of Ignis.
             Slain by an orc (8 damage)
             ... on level 3 of the Dungeon.
             The game lasted 00:02:51 (2010 turns).

RighteousDevil the Slasher (DsCA)                   Turns: 2010, Time: 00:02:52

Health: -3/35      AC:  5    Str: 14    XL:     4   Next: 54%
Magic:  7/7        EV: 10    Int: 15    God:    Ignis [*****.]
Gold:   110        SH:  0    Dex: 11    Spells: 5/7 levels left

rFire   + . .      SeeInvis .   a - -1 falchion (flame)
rCold   . . .      Faith    .   (no shield)
rNeg    . . .      Spirit   .   d - +0 ring mail
rPois   .          Reflect  .   (helmet restricted)
rElec   .          Harm     .   (no cloak)
rCorr   .          Rampage  .   (no gloves)
Will    .....                   (no boots)
Stlth   +.........              (no amulet)
HPRegen 0.11/turn               (no ring)
MPRegen 0.10/turn               (no ring)

@: no status effects
A: antennae 2, ignite blood 1
a: Renounce Religion, Fiery Armour, Foxfire Swarm, Rising Flame


You were on level 3 of the Dungeon.
You worshipped Ignis.
Ignis was extremely pleased with you.
You visited 1 branch of the dungeon, and saw 3 of its levels.

You collected 110 gold pieces.

Inventory:

Hand Weapons
 a - a -1 falchion of flaming (weapon)
Armour
 b - a +0 robe
 d - a +0 ring mail (worn)
Jewellery
 c - a ring of resist corrosion
Scrolls
 e - a scroll of identify
 i - a scroll of torment {unknown}
Potions
 f - a potion of brilliance
 h - a potion of lignification {unknown}


   Skills:
 - Level 3.0 Fighting
 + Level 3.5 Long Blades
 + Level 2.4 Spellcasting
 + Level 3.5 Fire Magic


You had 5 spell levels left.
You knew the following spells:

 Your Spells              Type           Power      Damage    Failure   Level
a - Scorch                Fire           24%        2d6       16%         2

Your spell library contained the following spells:

 Spells                   Type           Power      Damage    Failure   Level
 Static Discharge         Conj/Air       1%         N/A       54%         2
 Sticky Flame             Conj/Fire      7%         2d3       91%         4
 Dispel Undead            Necr           1%         3d6       99%         4


Dungeon Overview and Level Annotations

Branches:
Dungeon (3/15)

Altars:


Innate Abilities, Weirdness & Mutations

You have a pair of antennae on your head.
Your demonic aura sometimes causes spilled blood to erupt in flames.


Message History

The orc is heavily wounded.
The foxfire hits the orc priest.
The orc priest is severely wounded.
The foxfire hits the orc priest.
The orc priest is severely wounded.
The foxfire hits the orc.
The orc is lightly wounded.
The foxfire hits the orc.
You kill the orc!
The foxfire hits the orc priest.
You kill the orc priest!
The foxfire hits the orc.
You kill the orc!
Unknown command.
The orc shouts!
Things that are here:
a +0 club; a +0 flail; an orc corpse The orc barely misses you.
Things that are here:
a +0 short sword; 5 gold pieces; an orc corpse You hit the orc.
You burn the orc.
The orc is moderately wounded.
The orc hits you but does no damage.
You barely miss the orc.
The orc is moderately wounded.
The orc hits you with a +0 whip of holy wrath.
You convulse.
You hit the orc but do no damage.
The orc is moderately wounded.
The orc hits you with a +0 whip of holy wrath.
You convulse.
You barely miss the orc.
The orc is moderately wounded.
The orc misses you. The orc closely misses you.
You closely miss the orc.
The orc is moderately wounded.
The orc hits you with a +0 whip of holy wrath.
* * * LOW HITPOINT WARNING * * *
You convulse!
You die...

#. ###### #.#########
#..... #.#.......# #.####
### #.#.......# #.#..#
.... #.#)......######.#..#
.....#.#.)................
o......##@........)))....#
.........o####....)......#
..../.....# #########...#
#####.>...# #.### #######
#.### #.... #####


You could see an orc.

Vanquished Creatures
  An orc priest (D:3)
  An orc wizard (D:3)
  3 dart slugs
  6 orcs (D:3)
  5 endoplasms
  3 giant cockroaches (D:1)
  5 goblins
  A hobgoblin (D:1)
  A kobold (D:1)
  A quokka (D:2)
  A ball python (D:2)
  6 bats
  2 rats (D:2)
36 creatures vanquished.

Vanquished Creatures (others)
  7 foxfires (D:3)
7 creatures vanquished.

Grand Total: 43 creatures vanquished

Notes
Turn   | Place    | Note
-------+----------+-------------------------------------------
     0 | D:1      | RighteousDevil the Demonspawn Cinder Acolyte began the
                  | quest for the Orb.
     0 | D:1      | Reached XP level 1. HP: 18/18 MP: 2/2
   243 | D:1      | Gained mutation: You have a pair of small antennae on your
                  | head. [demonic ancestry]
   243 | D:1      | Reached XP level 2. HP: 23/24 MP: 3/3
   246 | D:1      | Learned a level 2 spell: Scorch
   537 | D:1      | Found a faded altar of an unknown god.
  1091 | D:2      | Gained mutation: You have a pair of antennae on your head.
                  | [demonic ancestry]
  1091 | D:2      | Reached XP level 3. HP: 21/29 MP: 5/5
  1664 | D:3      | HP: 1/29 [orc (5)]
  1669 | D:3      | Gained mutation: Your demonic aura sometimes causes spilled
                  | blood to erupt in flames. [demonic ancestry]
  1669 | D:3      | Reached XP level 4. HP: 3/35 MP: 5/7
  2010 | D:3      | Slain by an orc

Illustrated notes

Levels and vault maps discovered:
D:1:      dpeg_arrival_pits, layout_basic, hellmonk_ecumenical_altar_zigzags
D:2:      layout_rooms, serial_corexii_hall, chequers_hall_statues_y,
          chequers_hall_statues_corner_a
D:3:      layout_basic, uniq_crazy_yiuf_cottage, uniq_sigmund

Skill      XL: |  1  2  3 |
---------------+----------+-----
Fire Magic     | 3 |  3.5
Long Blades    | 3 |  3.5
Spellcasting   | 2 |  2.4
Fighting       | |  3.0

Action                   |  1- 3 |  4- 6 || total
-------------------------+-------+-------++-------
Melee: Falchion          |    88 |    13 ||   101
       Punch             |     1 |       ||     1
Invok: Fiery Armour      |     1 |       ||     1
       Foxfire Swarm     |       |     1 ||     1
  Use: Scroll            |     5 |       ||     5
       Potion            |     2 |       ||     2
Armor: Ring mail         |    26 |     3 ||    29
       Robe              |     3 |       ||     3
Dodge: Dodged            |    60 |     7 ||    67
